 Dungeon Crawl Stone Soup version 0.18.1-8-gdd0e5ea (webtiles) character file.

129 Metae the Sneak (level 5, 31/31 HPs)
             Began as a Kobold Assassin on May 24, 2016.
             Starved to death
             ... while paralysed
             ... on level 2 of the Dungeon.
             The game lasted 00:21:10 (3919 turns).

Metae the Sneak (Kobold Assassin)                   Turns: 3919, Time: 00:21:11

Health: 31/31      AC:  3    Str: 10    XL:     5   Next: 35%
Magic:  5/5        EV:  3    Int:  9    God:
Gold:   105        SH:  0    Dex: 18    Spells: 0 memorised, 4 levels left

rFire  + . .     SeeInvis .     a - +2 dagger
rCold  . . .     Gourm    .     c - +0 robe
rNeg   . . .     Faith    .     (shield restricted)
rPois  .         Spirit   .     (no helmet)
rElec  .         Dismiss  .     d - +0 cloak
rCorr  .         Reflect  .     (no gloves)
SustAt .         Harm     .     (no boots)
MR     .....                    (no amulet)
Stlth  ++++......               q - ring of protection from fire
                                k - +4 ring of evasion

@: paralysed, fainting, not resistant to hostile enchantments, stealthy
A: carnivore 3
a: no special abilities


You were on level 2 of the Dungeon.
You were fainting.

You visited 1 branch of the dungeon, and saw 2 of its levels.

You collected 105 gold pieces.

Inventory:

Hand Weapons
 a - a +2 dagger (weapon)
 b - a +0 blowgun
 m - a cursed -3 whip
 n - a +0 dagger
 t - a +0 short sword
Missiles
 e - 8 poisoned needles
 f - 2 curare-tipped needles
 p - 39 arrows
 v - 43 sling bullets
Armour
 c - a +0 robe (worn)
 d - a +0 cloak (worn)
 x - a +0 leather armour
 A - a +0 robe
Jewellery
 k - a +4 ring of evasion (left hand)
 q - a ring of protection from fire (right hand)
 r - an uncursed ring of flight {unknown}
 s - an uncursed ring of sustain attributes {unknown}
Scrolls
 h - 2 scrolls of enchant weapon {unknown}
 j - 2 scrolls of identify {unknown}
 o - 3 scrolls of blinking {unknown}
 u - a scroll of teleportation {unknown}
 w - a scroll of amnesia {unknown}
 y - 3 scrolls of recharging {unknown}
 B - a scroll of remove curse {unknown}
 C - a scroll of enchant armour {unknown}
Potions
 g - 2 potions of lignification {unknown}
 i - a potion of curing
 z - 2 potions of haste {unknown}
Comestibles
 l - 3 fruits


   Skills:
 + Level 2.5 Fighting
 * Level 3.8 Short Blades
 + Level 2.5 Throwing
 + Level 3.9 Dodging
 + Level 6.2 Stealth


You had 4 spell levels left.
You didn't know any spells.

Dungeon Overview and Level Annotations

Branches:
Dungeon (2/15)

Altars:
Cheibriados


Innate Abilities, Weirdness & Mutations

You are small and have problems with some larger weapons.
You are carnivorous and can eat meat at any time.


Message History

g - 2 murky emerald potions (gained 1)
You see here a spear.
You see here a spear.
You see here a flail.
You lose consciousness!
You can move again.
v - 43 sling bullets (gained 25)
There are no items here.
You lose consciousness!
You can move again.
You see here a flail.
You lose consciousness!
You can move again.
Save game and exit?
Welcome back, Metae the Kobold Assassin.
Press ? for a list of commands and other information.
Unknown command.
You lose consciousness!
You have starved to death.
You die...

#.....# #......
#....#######......
###...............
###...####......
###..###......
######..........
###...............
#######...####..........
#......@### #.###......
#........#####.#........
#............#.#........
############'###........
#.....#........
#.....#........
#.....#........
#.....#........
######.#.#.######...


There were no monsters in sight!

Vanquished Creatures
  4 gnolls
  2 adders (D:2)
  4 worms (D:2)
  A dart slug (D:2)
  A giant gecko (D:1)
  3 giant cockroaches
  4 hobgoblins
  10 jackals
  2 kobolds (D:1)
  13 bats
  2 giant newts (D:1)
  4 goblins
  8 rats
58 creatures vanquished.

Notes
Turn   | Place    | Note
--------------------------------------------------------------
     0 | D:1      | Metae the Kobold Assassin began the quest for the Orb.
     0 | D:1      | Reached XP level 1. HP: 12/12 MP: 1/1
   179 | D:1      | Reached XP level 2. HP: 7/17 MP: 2/2
   882 | D:1      | Reached XP level 3. HP: 15/21 MP: 3/3
  1174 | D:2      | Found a faded altar to an unknown god.
  1194 | D:1      | Reached skill level 6 in Stealth
  1616 | D:1      | Reached XP level 4. HP: 13/27 MP: 4/4
  2135 | D:2      | Found a snail-covered altar of Cheibriados.
  2562 | D:2      | Reached XP level 5. HP: 13/31 MP: 5/5
  3792 | D:1      | Paralysed by fainting for 11 turns
  3821 | D:2      | Paralysed by fainting for 10 turns
  3835 | D:2      | Paralysed by fainting for 11 turns
  3854 | D:2      | Paralysed by fainting for 11 turns
  3913 | D:2      | Paralysed by fainting for 9 turns
  3919 | D:2      | Starved to death

Skill      XL: |  1  2  3  4 |
---------------+-------------+-----
Short Blades   | 3 |  3.8
Dodging        | 2 3 |  3.9
Stealth        | 6 |  6.2
Fighting       | |  2.5
Throwing       | |  2.5

Action                   |  1- 3 |  4- 6 || total
-------------------------+-------+-------++-------
Melee: Dagger            |    89 |   167 ||   256
  Use: Potion            |     3 |       ||     3
 Stab: Sleeping          |     2 |     1 ||     3
       Distracted        |       |     2 ||     2
  Eat: Meat ration       |     1 |       ||     1
Armor: Robe              |    20 |    42 ||    62
Dodge: Dodged            |   131 |   244 ||   375
